 Dungeon Crawl Stone Soup version 0.23-a0-808-gd21de94 (console) character file.

9536 bli the Basher (level 11, -4/84 HPs)
             Began as a Demonspawn Abyssal Knight on Jan 20, 2019.
             Was the Champion of Lugonu.
             Slain by a wraith (7 damage)
             ... led by Josephine
             ... on level 11 of the Dungeon.
             The game lasted 00:48:56 (9925 turns).

bli the Basher (Demonspawn Abyssal Knight)          Turns: 9925, Time: 00:48:57

Health: -4/84      AC: 25    Str: 14 (15) XL:     11   Next: 24%
Magic:  14/14      EV: 13    Int: 12 (13) God:    Lugonu [******]
Gold:   463        SH:  0    Dex: 13 (14) Spells: 10/10 levels left

rFire    . . .     SeeInvis +   Z - +2 whip (elec)
rCold    . . .     Gourm    +   (no shield)
rNeg     . . .     Faith    .   e - quicksilver dragon scales
rPois    .         Spirit   .   B - +0 helmet
rElec    .         Reflect  .   f - +0 cloak
rCorr    +         Harm     .   P - +1 pair of gloves {archery}
MR       +....                  (no boots)
Stlth    ..........             u - amulet of the gourmand
HPRegen  0.24/turn              m - ring of resist corrosion
MPRegen  0.14/turn              T - ring of see invisible

@: lethally poisoned (-4 -> -17), sanguine armour, slowed, drained, very slow
A: hooves 2, powered by death 1, rot immunity, sanguine armour 2
a: Depart the Abyss, Bend Space, Banish, Corrupt, Enter the Abyss, Brand Weapon
With Distortion, Renounce Religion


You were on level 11 of the Dungeon.
You worshipped Lugonu.
Lugonu was exalted by your worship.
You were very full.

You visited 1 branch of the dungeon, and saw 11 of its levels.
You visited the Abyss 1 time.
You also visited: Sewer.

You collected 463 gold pieces.

Inventory:

Hand Weapons
 a - the +7 lajatang of Order {silver, rMut}
   (You took it off an orc wizard on level 10 of the Dungeon)

   It protects you from mutation.
 b - a +2 hunting sling of velocity
 d - a +4 quarterstaff of chaos
 l - a +2 mace of crushing
 v - a +0 morningstar
 O - a +2 mace of protection
 U - a +0 dire flail
 Z - a +2 whip of electrocution (weapon)
Missiles
 z - 44 poisoned needles
 C - 22 sling bullets
 J - 4 needles of confusion
 N - 104 stones (quivered)
 V - 2 tomahawks
Armour
 e - quicksilver dragon scales (worn)
 f - a +0 cloak (worn)
 h - a +0 leather armour
 B - a +0 helmet (worn)
 M - the +0 chain mail "Egey" {rCorr}
   (You found it on level 5 of the Dungeon)

   It provides partial protection from all sources of acid and corrosion.
 P - a +1 pair of gloves of archery (worn)
 Q - the cursed +1 scale mail of the Bagpipe {MR+ SInv, unknown}
   (You found it on level 6 of the Dungeon)

   It affects your resistance to hostile enchantments.
   It lets you see invisible.
   It has a curse placed upon it.
Magical Staves
 I - an uncursed staff of energy
Jewellery
 k - an uncursed amulet of harm
 m - a ring of resist corrosion (left hand)
 u - an amulet of the gourmand (around neck)
 w - an uncursed ring of fire
 T - a ring of see invisible (right hand)
Wands
 n - a wand of enslavement (7)
 o - a wand of clouds (7)
 r - a wand of digging (5)
 y - a wand of polymorph (17)
Scrolls
 j - 3 scrolls of remove curse
 p - 3 scrolls of enchant armour {unknown}
 s - 2 scrolls of fear {unknown}
 t - 2 scrolls of fog {unknown}
 E - 4 scrolls of magic mapping {unknown}
 G - 3 scrolls of blinking {unknown}
 H - 3 scrolls of teleportation
 W - a scroll of holy word {unknown}
Potions
 g - a potion of degeneration
 i - 4 potions of magic
 q - 2 potions of agility {unknown}
 x - 2 potions of haste {unknown}
 A - 3 potions of might {unknown}
 D - 2 potions of brilliance
 F - a potion of ambrosia {unknown}
 K - 3 potions of curing
 L - a potion of berserk rage
 R - a potion of invisibility
 S - 2 potions of heal wounds {unknown}
 Y - a potion of cancellation {unknown}
Comestibles
 c - 21 rations
 X - 5 chunks of flesh


   Skills:
 + Level 7.6(7.3) Fighting
 + Level 9.6(9.4) Maces & Flails
 * Level 2.3(6.2) Staves
 + Level 4.9(5.3) Slings
 + Level 3.9(4.8) Throwing
 + Level 6.9(6.6) Armour
 + Level 5.3(5.0) Dodging
 + Level 0.3(0.0) Stealth
 + Level 5.0(4.7) Invocations


You had 10 spell levels left.
You didn't know any spells.
Your spell library was empty.

Dungeon Overview and Level Annotations

Branches:
Dungeon (11/15)            Temple (0/1) D:5            Lair (0/6) D:10
    Orc: D:9-12

Altars:
Ashenzari
Cheibriados
Dithmenos
Hepliaklqana
Kikubaaqudgha
Nemelex Xobeh
Okawaru
Qazlal
Vehumet
The Shining One

Shops:
D:7 *   D:8 }

Annotations:
D:6 2 transporters, Lanoc's ghost, novice DsCK


Innate Abilities, Weirdness & Mutations

You have hoof-like feet.
You regenerate a little health from kills.
You are immune to rotting.
When seriously injured, your bleeding wounds create thick armour. (AC +9)


Message History

Josephine hits you with a +2 dagger of venom.
* * * LOW HITPOINT WARNING * * *
You are more poisoned.
You hit Josephine but do no damage. Lightning courses through Josephine!
You kill Josephine!
Lugonu accepts your kill.
Your base Staves skill increases to level 2!
* * * LOW HITPOINT WARNING * * *
You feel sick.
You hit the wraith.
The wraith is lightly damaged.
* * * LOW HITPOINT WARNING * * *
You feel sick. The wraith hits you but does no damage.
It was a potion of degeneration.
There was something very wrong with that liquid.
You feel weakened.
You feel dopey.
You feel clumsy.
* * * LOW HITPOINT WARNING * * *
You feel very sick. The wraith hits you!
You die...

##....)......
...........
K........
..K...@#
......# #
#K...# #.
#....# #.
#<..#
#(######..#
#.((###.(##..(
#..))@W.(.((#
#.)##.....$##
#....##(..##
#.##. ...## #.
## ...# #.
...# #. ##..#
...


You could see a wraith.

Vanquished Creatures
  Josephine (D:11)
  Erica (D:10)
  A two-headed ogre (D:8)
  A death yak (D:10)
  A komodo dragon (D:9)
  A hippogriff (D:6)
  A wraith (D:11)
  A human (D:9)
  Eustachio (D:6)
  4 hogs (D:9)
  A water moccasin (D:5)
  A phantom (D:9)
  An ice beast (D:7)
  3 orc warriors
  4 sky beasts
  A black bear (D:7)
  4 ogres (D:5)
  A necrophage (D:10)
  7 centaurs
  A big kobold (D:11)
  8 bullfrogs
  4 scorpions
  16 killer bees
  3 wights (D:9)
  5 howler monkeys
  4 crimson imps
  4 hounds
  5 bullfrog zombies
  2 jellies
  Crazy Yiuf (D:7)
  10 orc priests
  10 orc wizards
  3 iguanas
  Ijyb (D:3)
  6 worker ants
  A statue (D:6)
  A hound skeleton (D:5)
  13 adders
  3 gnolls (D:10)
  A shadow imp (D:7)
  3 oozes
  An adder skeleton (D:9)
  7 worms
  3 dart slugs (D:1)
  8 leopard geckos
  40 orcs
  15 giant cockroaches
  10 goblins
  8 hobgoblins
  5 jackals
  6 quokkas
  7 ball pythons (Sewer)
  8 bats
  10 frilled lizards
  A gnoll zombie (D:4)
  13 kobolds
  2 quokka skeletons
  7 rats
292 creatures vanquished.

Vanquished Creatures (others)
  An orc (D:6)
1 creature vanquished.

Grand Total: 293 creatures vanquished

Notes
Turn   | Place    | Note
-------+----------+-------------------------------------------
     0 | Abyss:1  | bli the Demonspawn Abyssal Knight began the quest for the
                  | Orb.
     0 | Abyss:1  | Reached XP level 1. HP: 18/18 MP: 2/2
    38 | Abyss:1  | Noticed a small abomination
    56 | D:1      | Escaped the Abyss
   129 | D:1      | Reached skill level 2 in Maces & Flails
   131 | D:1      | Reached * piety under Lugonu
   131 | D:1      | Gained mutation: You regenerate a little health from kills.
                  | [demonic ancestry]
   131 | D:1      | Reached XP level 2. HP: 17/24 MP: 3/3
   636 | D:2      | Gained mutation: You have large cloven feet. [demonic
                  | ancestry]
   636 | D:2      | Reached XP level 3. HP: 30/30 MP: 4/4
   758 | D:2      | Reached skill level 1 in Dodging
  1047 | D:2      | Reached skill level 1 in Slings
  1092 | D:2      | Gained mutation: When seriously injured, your bleeding
                  | wounds create armour. (AC +9) [demonic ancestry]
  1092 | D:2      | Reached XP level 4. HP: 37/37 MP: 5/5
  1107 | D:2      | Reached ** piety under Lugonu
  1344 | D:2      | Found a hazy altar of Hepliaklqana.
  1602 | D:3      | Reached skill level 3 in Maces & Flails
  1960 | D:3      | Gained mutation: You have hoof-like feet. [demonic
                  | ancestry]
  1960 | D:3      | Reached XP level 5. HP: 27/42 MP: 6/6
  2355 | D:3      | Noticed Ijyb
  2360 | D:3      | Killed Ijyb
  2380 | D:3      | Reached *** piety under Lugonu
  2380 | D:3      | Reached skill level 4 in Maces & Flails
  2734 | D:4      | Found a shattered altar of Ashenzari.
  2735 | D:4      | Found a stormy altar of Qazlal.
  2737 | D:4      | Found an ancient bone altar of Kikubaaqudgha.
  2737 | D:4      | Found a sparkling altar of Nemelex Xobeh.
  2801 | D:4      | Gained mutation: You are immune to rotting. [demonic
                  | ancestry]
  2801 | D:4      | Reached XP level 6. HP: 48/48 MP: 7/7
  2815 | D:4      | Noticed an orc warrior
  2822 | D:4      | Killed an orc warrior
  2822 | D:4      | Reached skill level 1 in Throwing
  2976 | D:4      | Found a glowing drain.
  2981 | Sewer    | Entered a sewer
  3224 | Sewer    | Reached skill level 5 in Maces & Flails
  3627 | D:4      | Reached XP level 7. HP: 55/55 MP: 8/8
  3836 | D:4      | Found a shadowy altar of Dithmenos.
  3979 | D:5      | Entered Level 5 of the Dungeon
  4097 | D:5      | Reached **** piety under Lugonu
  4109 | D:5      | Reached skill level 6 in Maces & Flails
  4162 | D:5      | Found a staircase to the Ecumenical Temple.
  4231 | D:5      | Reached XP level 8. HP: 57/61 MP: 9/9
  4614 | D:5      | Reached skill level 7 in Maces & Flails
  4631 | D:5      | Reached skill level 5 in Fighting
  4668 | D:5      | Got a polished chain mail
  4781 | D:5      | Identified the cursed +0 chain mail "Egey" {rCorr} (You
                  | found it on level 5 of the Dungeon)
  4839 | D:6      | Noticed a hippogriff
  4994 | D:6      | Killed a hippogriff
  5129 | D:6      | Found a radiant altar of Vehumet.
  5186 | D:6      | Gained mutation: When seriously injured, your bleeding
                  | wounds create thick armour. (AC +9) [demonic ancestry]
  5186 | D:6      | Reached XP level 9. HP: 61/68 MP: 10/10
  5286 | D:6      | Found a transporter.
  5292 | D:6      | Found a snail-covered altar of Cheibriados.
  5302 | D:6      | Found a transporter.
  5309 | D:6      | Noticed Lanoc's ghost (novice DsCK)
  5359 | D:6      | Noticed Eustachio
  5584 | D:6      | Reached skill level 8 in Maces & Flails
  5628 | D:6      | Killed Eustachio
  5628 | D:6      | Reached skill level 5 in Armour
  5737 | D:6      | Got an aquamarine-studded scale mail
  6093 | D:7      | Found Ruyxoygg's Assorted Antiques.
  6422 | D:7      | Found a runed door.
  6426 | D:7      | Noticed Crazy Yiuf
  6430 | D:7      | Killed Crazy Yiuf
  6500 | D:7      | Reached ***** piety under Lugonu
  7310 | D:8      | Reached XP level 10. HP: 67/77 MP: 12/12
  7563 | D:8      | Noticed a two-headed ogre
  7578 | D:8      | Killed a two-headed ogre
  7597 | D:8      | Found Opuapan's Gadget Shop.
  8030 | D:9      | Reached skill level 9 in Maces & Flails
  8259 | D:9      | Reached skill level 5 in Dodging
  8859 | D:9      | Found an iron altar of Okawaru.
  8860 | D:9      | Found a glowing golden altar of the Shining One.
  8971 | D:10     | Entered Level 10 of the Dungeon
  9162 | D:10     | Noticed a death yak
  9173 | D:10     | Noticed a death yak
  9173 | D:10     | Noticed a death yak
  9174 | D:10     | Noticed a death yak
  9175 | D:10     | Noticed a death yak
  9188 | D:10     | HP: 1/79 [death yak (15)]
  9536 | D:10     | Noticed Erica
  9549 | D:10     | Killed Erica
  9549 | D:10     | Reached skill level 1 in Staves
  9628 | D:10     | Reached XP level 11. HP: 38/84 MP: 14/14
  9771 | D:10     | Reached skill level 5 in Invocations
  9774 | D:10     | Found a staircase to the Lair.
  9856 | D:10     | Killed a death yak
  9900 | D:11     | Reached ****** piety under Lugonu
  9908 | D:11     | Noticed Josephine
  9923 | D:11     | Killed Josephine
  9925 | D:11     | HP: 3/84 [poisoned by Josephine]
  9925 | D:11     | Slain by a wraith

Vault maps used:
D:1:      lightli_arrival_maybe_door_vault
D:2:      lemuel_coloured_pillars_altar, first_ration, minmay_tripent
D:3:      uniq_ijyb
D:4:      old_standard_altar, chequers_temple_overflow_statue_of_worship,
          lightli_sewer_entry_pipes, enter_ossuary_3
D:5:      minmay_diamond_boxcup, minmay_temple_entry_trees
D:6:      vehumet_statue, cheibriados_altar_1, gammafunk_ghost_mausoleum,
          uniq_eustachio
D:7:      serial_shops, kennysheep_mini, minmay_misc_feat_rugged,
          uniq_crazy_yiuf_cottage
D:8:      serial_shops, shop
D:9:      amethyst_overflow_temple_binary, grunt_livestock
D:10:     dpeg_lair_monsters, minmay_misc_feat_doors,
          nicolae_dithmenos_through_a_glass_darkly, uniq_erica
D:11:     minmay_another_anthill, uniq_josephine
Sewer:    sewer_frog_island_01

Skill      XL: |  1  2  3  4  5  6  7  8  9 10 11 |
---------------+----------------------------------+-----
Maces & Flails | 2 3 4 5 6 7 8 9 |  9.6
Armour         | 2 4 5 6 |  6.9
Dodging        | 1 2 4 5 |  5.3
Slings         | 1 2 3 4 |  4.9
Fighting       | 4 5 6 7 |  7.6
Throwing       | 1 2 3 |  3.9
Invocations    | 3 4 5 |  5.0
Staves         | 1 2 |  2.3
Stealth        | |  0.3

Action                   |  1- 3 |  4- 6 |  7- 9 | 10-12 || total
-------------------------+-------+-------+-------+-------++-------
Melee: Mace              |    82 |    48 |       |       ||   130
       Kick              |     8 |    33 |    99 |    80 ||   220
       Morningstar       |       |    24 |     6 |       ||    30
       Whip              |       |   119 |   362 |   268 ||   749
       Lajatang          |       |       |       |    21 ||    21
 Fire: Hunting sling     |    16 |     8 |    10 |    79 ||   113
Throw: Tomahawk          |     5 |    35 |    20 |    20 ||    80
       Stone             |       |     2 |       |     9 ||    11
Invok: Depart the Abyss  |     1 |       |       |       ||     1
  Use: Scroll            |       |       |     7 |     4 ||    11
       Potion            |       |       |       |     1 ||     1
  Eat: Chunk             |       |     9 |    31 |     8 ||    48
Armor: Leather armour    |    33 |    35 |    17 |       ||    85
       Quicksilver drago |       |       |   186 |    81 ||   267
Dodge: Dodged            |    67 |    86 |   314 |   133 ||   600

Table legend:
 A = Non-vault XP
 B = Vault XP
 C = Vault XP percentage of total XP
 D = Non-vault monster count
 E = Vault monster count
 F = Vault count percentage of total count
                 A         B        C        D         E       F
            +---------+---------+-------+---------+---------+-------
      Total |    8852 |    4772 |  35.0 |     246 |      47 |  16.0
            +---------+---------+-------+---------+---------+-------
        D:1 |      40 |       0 |   0.0 |      20 |       0 |   0.0
        D:2 |      93 |       4 |   4.1 |      24 |       2 |   7.7
        D:3 |     132 |      35 |  21.0 |      31 |       1 |   3.1
        D:4 |     295 |      31 |   9.5 |      14 |       7 |  33.3
        D:5 |    1241 |     279 |  18.4 |      24 |       6 |  20.0
        D:6 |    1517 |     228 |  13.1 |      33 |       2 |   5.7
        D:7 |     991 |      40 |   3.9 |      18 |       1 |   5.3
        D:8 |    2101 |       0 |   0.0 |      31 |       0 |   0.0
        D:9 |    1431 |     980 |  40.6 |      24 |       5 |  17.2
       D:10 |     902 |    1790 |  66.5 |      19 |       2 |   9.5
       D:11 |     109 |    1269 |  92.1 |       8 |       2 |  20.0
      Sewer |       0 |     116 | 100.0 |       0 |      19 | 100.0
            +---------+---------+-------+---------+---------+-------
